 Dungeon Crawl Stone Soup version 0.28.0-43-g3370ac3207 (webtiles) character file.

Game seed: 11565873247732186131

7830 tizbic2 the Thaumaturge (level 11, -7/60 HPs)
             Began as a Vine Stalker Wanderer on Mar 14, 2022.
             Was a Believer of Kikubaaqudgha.
             Shot with an arrow by a centaur warrior (18 damage)
             ... on level 10 of the Dungeon.
             The game lasted 00:52:11 (8098 turns).

tizbic2 the Thaumaturge (Vine Stalker Wanderer)     Turns: 8098, Time: 00:52:11

Health: -7/60      AC: 14    Str: 16    XL:     11   Next: 21%
Magic:  0/25       EV:  6    Int: 18    God:    Kikubaaqudgha [**....]
Gold:   528        SH:  0    Dex: 18    Spells: 21/28 levels left

rFire   + . .      SeeInvis .   s - +4 long sword "Qadwarche" {freeze, Int+3 Dex+4}
rCold   + + .      Faith    .   (no shield)
rNeg    . . .      Spirit   +   p - +2 chain mail {rPois}
rPois   +          Reflect  .   x - +0 helmet
rElec   .          Harm     .   y - scarf {rC+ rF+}
rCorr   .          Rampage  .   (no gloves)
Will    ++...                   c - +2 pair of boots
Stlth   ..........              h - amulet of Wetuaxom {Spirit Slay+5 Stlth-}
HPRegen 1.00/turn               b - ring of willpower
MPRegen 0.19/turn               B - ring of protection from cold

@: no status effects
A: fangs 3, regeneration 1, magic shield, antimagic bite, no potion heal 2
a: Renounce Religion, Receive Corpses


You were on level 10 of the Dungeon.
You worshipped Kikubaaqudgha.
Kikubaaqudgha was pleased with you.
You visited 3 branches of the dungeon, and saw 12 of its levels.

You collected 528 gold pieces.

Inventory:

Hand Weapons
 a - a +0 mace of holy wrath
 d - a +2 hunting sling of freezing
 f - a +0 dagger of venom
 i - a +0 spear of pain
 q - a +0 flail of draining
 s - the +4 long sword "Qadwarche" (weapon) {freeze, Int+3 Dex+4}
   (You found it on level 6 of the Dungeon)

   It freezes those it strikes, dealing additional cold damage.
   It can also slow down cold-blooded creatures.
   Int:       It affects your intelligence (+3).
   Dex:       It affects your dexterity (+4).
 w - a +2 whip of electrocution
Missiles
 k - 3 throwing nets
 r - 3 boomerangs
 D - 8 poisoned darts
 H - 506 stones
 L - a curare-tipped dart
 M - 59 sling bullets
Armour
 c - a +2 pair of boots (worn)
 j - a +0 cloak
 p - a +2 chain mail of poison resistance (worn)
 x - a +0 helmet (worn)
 y - a scarf of resistance (worn)
 K - a +0 kite shield
Jewellery
 b - a ring of willpower (left hand)
 e - a ring of positive energy
 h - the amulet of Wetuaxom (around neck) {Spirit Slay+5 Stlth-}
   (You found it on level 2 of the Dungeon)

   [amulet of guardian spirit]

   It causes incoming damage to be divided between your reserves of health and
   magic.
   Slay:      It affects your accuracy & damage with ranged weapons and melee
   (+5).
   Stlth:     It makes you less stealthy.
 n - a ring of ice
 B - a ring of protection from cold (right hand)
Wands
 g - a wand of iceblast (9)
 F - a wand of acid (28) (quivered)
Scrolls
 l - a scroll of blinking
 o - 2 scrolls of teleportation
 u - a scroll of magic mapping
 v - 2 scrolls of brand weapon
 I - a scroll of fog
Potions
 z - a potion of magic
 C - 2 potions of berserk rage
 E - a potion of attraction {unknown}
 G - 2 potions of cancellation


   Skills:
 + Level 8.8 Fighting
 * Level 5.1 Long Blades
 - Level 3.4 Maces & Flails
 - Level 2.2 Throwing
 - Level 2.4 Stealth
 * Level 2.0 Shields
 + Level 9.0 Spellcasting
 * Level 7.8 Necromancy
 - Level 3.0 Transmutations
 - Level 0.4 Ice Magic
 - Level 1.4 Invocations


You had 21 spell levels left.
You knew the following spells:

 Your Spells              Type           Power      Damage    Failure   Level
a - Pain                  Necr           100%       1d9       8%          1
b - Corpse Rot            Necr/Air       44%        N/A       50%         2
c - Vampiric Draining     Necr           36%        2d8       22%         3
d - Animate Skeleton      Necr           72%        N/A       8%          1

Your spell library contained the following spells:

 Spells                   Type           Power      Damage    Failure   Level
 Sublimation of Blood     Necr           36%        N/A       11%         2
 Sting                    Tmut/Pois      52%        1d5       69%         1
 Freeze                   Ice            36%        1d6       83%         1
 Passwall                 Tmut/Erth      10%        N/A       83%         2
 Agony                    Necr           36%        N/A       90%         5
 Poisonous Vapours        Pois/Air       16%        N/A       95%         2
 Ignite Poison            Fire/Tmut/Pois 11%        N/A       98%         3
 Frozen Ramparts          Ice            18%        1d3       99%         3
 Mephitic Cloud           Conj/Pois/Air  8%         N/A       99%         3
 Hailstorm                Conj/Ice       8%         3d4       100%        4
 Fireball                 Conj/Fire      4%         3d4       100%        5
 Freezing Cloud           Conj/Ice/Air   4%         6-21      100%        5
 Starburst                Conj/Fire      4%         6d3       100%        6
 Ignition                 Fire           4%         3d4       100%        8


Dungeon Overview and Level Annotations

Branches:
Dungeon (10/15)            Temple (1/1) D:4             Orc (1/2) D:9
   Lair: D:8-11

Altars:
Ashenzari
Dithmenos
Elyvilon
Fedhas
Gozag
Hepliaklqana
Kikubaaqudgha
Makhleb
Nemelex Xobeh
Okawaru
Qazlal
Ru
Sif Muna
Trog
Uskayaw
Vehumet
Xom
Yredelemnul
Zin
The Shining One

Shops:
D:6 :   D:9 ([

Portals:
Abyss: D:9

Annotations:
D:8 2 transporters, dualclasshuman's ghost, novice HOMo
D:9 1 transporter, Jingleheimer's ghost, novice VSFi
D:10 Fannar


Innate Abilities, Weirdness & Mutations

You have razor-sharp teeth.
Your natural rate of healing is unusually fast.
When hurt, damage is shared between your health and your magic reserves.
Your bite disrupts and absorbs the magic of your enemies.
Potions cannot restore your health.


Message History

Confirm with . or Enter, or press ? or * to list all spells.
You attempt to give life to the dead...
Before your eyes, flesh is ripped from the corpse!
The dead are walking!
A centaur warrior breaks down the door.
The centaur warrior shoots an arrow.
The arrow hits you!
* * * LOW HITPOINT WARNING * * *
The centaur warrior unwields a +0 longbow of freezing.
The centaur warrior hits you.
* * * LOW HITPOINT WARNING * * *
The centaur warrior kicks you but does no damage.
You see here a two-headed ogre corpse.
You hit the centaur warrior. You freeze the centaur warrior.
You bite the centaur warrior. You drain its power.
You feel invigorated.
The centaur warrior is lightly wounded.
The centaur warrior closely misses you.
The centaur warrior kicks you but does no damage.
The centaur warrior hits you but does no damage.
The centaur warrior closely misses you.
The centaur warrior wields a +0 longbow of freezing.
It is covered in frost.
The centaur warrior shoots an arrow.
The arrow hits your orc warrior skeleton!
Your orc warrior skeleton hits the centaur warrior.
You see here an iguana corpse.
You swap places.
The centaur warrior unwields a +0 longbow of freezing.
The centaur warrior hits you but does no damage.
The centaur warrior closely misses you.
The centaur warrior hits you but does no damage.
The centaur warrior kicks you but does no damage.
You slash the centaur warrior! You freeze the centaur warrior.
You bite the centaur warrior. You drain its power.
You feel invigorated.
The centaur warrior is moderately wounded.
The centaur warrior hits you but does no damage.
The centaur warrior kicks you but does no damage.
Your orc warrior skeleton hits the centaur warrior but does no damage.
The centaur warrior wields a +0 longbow of freezing.
It is covered in frost.
The centaur warrior shoots an arrow.
The arrow hits you!!
You die...
Kikubaaqudgha rasps: "You have failed me!
Welcome... death!"

########## ###########
#....?...####.........### #
#..........##.........'.## #
#.>......#.##.........#..# #
#.......?#..#.........##.#### #
#...)....##.#.........##...<# #
#........##.c.@.......#####.###
#........####Z........# #..##
#..c.....# #.........# ##.##
#...รท>...# #.........# #.Z'
#...<....# #.........# ####
#######.## ######+#### #


You could see a centaur warrior (ally target) and a friendly orc warrior
skeleton.

Vanquished Creatures
  Pikel (D:6)
  Maurice (D:8)
  A kobold demonologist (D:7)
  Grinder (D:5)
  A troll (D:9)
  Prince Ribbit (D:5)
  Sigmund (D:3)
  A wyvern (D:9)
  6 yaks
  Grum (D:9)
  3 steam dragons (D:8)
  A water moccasin (D:9)
  Duvessa (D:5)
  3 orc warriors (D:9)
  2 sky beasts
  An ice beast (D:6)
  A black bear (D:7)
  8 ogres
  2 wolves (D:9)
  3 centaurs
  2 phantoms (D:5)
  A kobold brigand (D:9)
  A bullfrog (D:8)
  A gnoll sergeant (D:9)
  2 scorpions
  A water moccasin zombie (D:4)
  Dowan (D:5)
  A water moccasin skeleton (D:5)
  13 killer bees
  10 howler monkeys
  A centaur zombie (D:6)
  A bullfrog skeleton (D:6)
  An orc priest (D:4)
  A hound (D:4)
  A jelly (D:5)
  A centaur skeleton (D:7)
  2 scorpion zombies
  3 iguanas
  2 orc wizards
  A killer bee zombie (D:8)
  A hound zombie (D:4)
  A hound skeleton (D:5)
  Robin (D:3)
  9 gnolls
  2 adders
  A shadow imp (D:5)
  A white imp (D:6)
  3 ufetubi
  3 adder zombies
  A worm (D:3)
  3 dart slugs
  14 orcs
  6 ball pythons
  5 endoplasms
  2 giant cockroaches
  8 goblins
  8 hobgoblins
  16 kobolds
  A quokka (D:2)
  6 bats
  3 frilled lizards
  4 rats
186 creatures vanquished.

Vanquished Creatures (collateral kills)
  A yak (D:10)
  An acid dragon (D:10)
  An orc warrior (D:9)
  A centaur zombie (D:5)
4 creatures vanquished.

Vanquished Creatures (others)
  4 fungi (D:4)
4 creatures vanquished.

Grand Total: 194 creatures vanquished

Notes
Turn   | Place    | Note
-------+----------+-------------------------------------------
     0 | D:1      | tizbic2 the Vine Stalker Wanderer began the quest for the
                  | Orb.
     0 | D:1      | tizbic2 set off with the following items: a +0 club, a +0
                  | robe, a +0 pair of boots; and the following spells
                  | available to memorise: Pain, Sting, Passwall, Vampiric
                  | Draining, Ignite Poison
     0 | D:1      | Reached XP level 1. HP: 9/9 MP: 3/3
    42 | D:1      | Learned a level 1 spell: Pain
   288 | D:1      | Reached XP level 2. HP: 12/14 MP: 2/5
   448 | D:1      | Found a faded altar of an unknown god.
   530 | D:1      | Reached skill level 1 in Fighting
   968 | D:1      | Reached XP level 3. HP: 18/18 MP: 6/6
  1100 | D:2      | Found a shimmering blue altar of Sif Muna.
  1105 | D:2      | Identified the amulet of Wetuaxom {Spirit Slay+5 Stlth-}
  1539 | D:3      | Reached skill level 2 in Spellcasting
  2014 | D:3      | Found a bloodstained altar of Trog.
  2109 | D:3      | Gained mutation: Your natural rate of healing is unusually
                  | fast. [Vine Stalker growth]
  2109 | D:3      | Reached XP level 4. HP: 20/22 MP: 8/8
  2218 | D:3      | Found a faded altar of an unknown god.
  2219 | D:3      | Found a hazy altar of Hepliaklqana.
  2291 | D:3      | Noticed Robin
  2301 | D:3      | Killed Robin
  2302 | D:3      | Reached skill level 1 in Throwing
  2377 | D:3      | Noticed Sigmund
  2386 | D:3      | Killed Sigmund
  2387 | D:3      | Reached skill level 3 in Spellcasting
  2387 | D:3      | Reached XP level 5. HP: 28/28 MP: 9/11
  2387 | D:3      | Reached XP level 6. HP: 32/32 MP: 9/12
  2544 | D:3      | Found a broken altar of Ashenzari.
  2748 | D:4      | Found a staircase to the Ecumenical Temple.
  2754 | D:4      | Reached skill level 4 in Spellcasting
  2758 | Temple   | Entered the Ecumenical Temple
  2862 | D:4      | Found a basalt altar of Yredelemnul.
  2898 | D:4      | Reached XP level 7. HP: 25/37 MP: 9/14
  3008 | D:4      | Found a blossoming altar of Fedhas.
  3102 | D:4      | Reached skill level 1 in Maces & Flails
  3102 | D:4      | Reached skill level 5 in Spellcasting
  3111 | D:4      | Found a sparkling altar of Nemelex Xobeh.
  3255 | D:4      | Found a burning altar of Makhleb.
  3381 | D:5      | Entered Level 5 of the Dungeon
  3508 | D:5      | Gained mutation: You have razor-sharp teeth. [Vine Stalker
                  | growth]
  3508 | D:5      | Reached XP level 8. HP: 42/42 MP: 15/17
  3587 | D:5      | Reached skill level 5 in Fighting
  3606 | D:5      | Reached skill level 6 in Spellcasting
  3836 | D:5      | Noticed Grinder
  3845 | D:5      | Killed Grinder
  3993 | D:5      | Noticed Dowan
  3994 | D:5      | Noticed Duvessa
  4000 | D:5      | Killed Duvessa
  4006 | D:5      | Killed Dowan
  4121 | D:5      | Noticed Prince Ribbit
  4132 | D:5      | Killed Prince Ribbit
  4133 | D:5      | Reached skill level 7 in Spellcasting
  4133 | D:5      | Reached XP level 9. HP: 33/49 MP: 15/20
  4395 | D:6      | Found a shadowy altar of Dithmenos.
  4395 | D:6      | Found a radiant altar of Vehumet.
  4395 | D:6      | Found an ancient bone altar of Kikubaaqudgha.
  4403 | D:6      | Became a worshipper of Kikubaaqudgha
  4408 | D:6      | Learned a level 2 spell: Corpse Rot
  4412 | D:6      | Learned a level 3 spell: Vampiric Draining
  4621 | D:6      | Identified the +4 long sword "Qadwarche" {freeze, Int+3
                  | Dex+4}
  4725 | D:6      | Found Kateraru's Book Boutique.
  4910 | D:6      | Identified the amulet of Didgh {Reflect *Corrode rC- Regen+
                  | SH+5 SInv}
  5069 | D:6      | Reached skill level 1 in Long Blades
  5107 | D:6      | Noticed Pikel
  5120 | D:6      | Killed Pikel
  5470 | D:7      | Reached skill level 5 in Necromancy
  5494 | D:7      | Noticed a kobold demonologist
  5503 | D:7      | Killed a kobold demonologist
  5504 | D:7      | Reached skill level 8 in Spellcasting
  5504 | D:7      | Reached XP level 10. HP: 56/56 MP: 20/23
  5914 | D:8      | Noticed a two-headed ogre
  5914 | D:8      | Noticed dualclasshuman's ghost (novice HOMo)
  5930 | D:8      | Found a transporter.
  5934 | D:8      | Noticed Maurice
  5940 | D:8      | Killed Maurice
  6248 | D:8      | Noticed a moth of wrath
  6260 | D:8      | Found a bloodstained altar of Trog.
  6267 | D:8      | Found a transporter.
  6337 | D:8      | Reached * piety under Kikubaaqudgha
  6337 | D:8      | Received a gift from Kikubaaqudgha
  6494 | D:9      | Found a staircase to the Orcish Mines.
  6494 | D:9      | Found Woad's Weapon Shoppe.
  6500 | D:9      | Found Walorghuefy's Armour Shoppe.
  6558 | D:9      | Noticed Grum
  6583 | D:9      | Killed Grum
  6706 | D:9      | Reached ** piety under Kikubaaqudgha
  6736 | D:9      | Noticed a rakshasa
  6781 | D:9      | Found a transporter.
  6824 | D:9      | Found a sacrificial altar of Ru.
  7396 | D:9      | Noticed Jingleheimer's ghost (novice VSFi)
  7408 | D:9      | Found a one-way gate to the infinite horrors of the Abyss.
  7465 | D:9      | Reached XP level 11. HP: 59/60 MP: 21/24
  7516 | D:9      | Learned a level 1 spell: Animate Skeleton
  7652 | D:10     | Entered Level 10 of the Dungeon
  7652 | D:10     | Noticed a centaur warrior
  7653 | D:10     | Noticed Fannar
  7696 | D:9      | Noticed a wretched star
  7727 | Orc:1    | Entered Level 1 of the Orcish Mines
  7727 | Orc:1    | Noticed an orc knight
  7750 | D:9      | Reached skill level 1 in Shields
  7877 | D:9      | Reached skill level 5 in Long Blades
  7990 | D:10     | Reached skill level 9 in Spellcasting
  8098 | D:10     | Shot with an arrow by a centaur warrior

Illustrated notes

Levels and vault maps discovered:
D:1:      tarquinn_simple_flora_water_a, layout_basic,
          shapermc_ecumenical_altar_starsandcircs, serial_corexii_hall,
          chequers_hall_statues_y, chequers_hall_statues_wall_a
D:2:      layout_basic, basic_altar
D:3:      layout_loops_corners, overflow_temple_1_default,
          nicolae_ashenzari_skybound, beargit_hepliaklqana_dungeon_heroes,
          kennysheep_generic_room_5, uniq_robin, uniq_sigmund
D:4:      layout_cave_pools, makhleb_heckhound_becter, lemuel_round_altar,
          fedhas_altar_3, nicolae_yredelemnul_corpse_copse,
          minmay_temple_entry_hall
D:5:      layout_gridville, uniq_grinder, uniq_duvessa, uniq_prince_ribbit1
D:6:      layout_loops_corners, gammafunk_temple_overflow_claw, serial_shops,
          shop, uniq_pikel
D:7:      layout_cave_pools
D:8:      layout_loops_ring, gammafunk_ghost_wrathful_warriors, uniq_maurice
D:9:      layout_stronghold, hangedman_ru_absence, orc_david_3,
          gammafunk_ghost_abyssal_escape, uniq_grum
D:10:     layout_roguey, gammafunk_temple_overflow_elements, david_lair_generic,
          uniq_fannar, uniq_nergalle
Temple:   dpeg_three_leaves_temple
Orc:1:    layout_caves, serial_shops, nicolae_lakefront_shop, uniq_harold

Skill      XL: |  1  2  3  4  5  6  7  8  9 10 11 |
---------------+----------------------------------+-----
Fighting       | 1 3 4 6 7 8 |  8.8
Spellcasting   | 2 3 4 5 7 8 9 |  9.0
Throwing       | 1 2 |  2.2
Maces & Flails | 1 3 |  3.4
Long Blades    | 2 4 5 |  5.1
Necromancy     | 5 7 |  7.8
Shields        | 2 |  2.0
Stealth        | |  2.4
Transmutations | |  3.0
Ice Magic      | |  0.4
Invocations    | |  1.4

Action                   |  1- 3 |  4- 6 |  7- 9 | 10-12 || total
-------------------------+-------+-------+-------+-------++-------
Melee: Club              |     6 |       |       |       ||     6
       Dagger            |    89 |    36 |    16 |       ||   141
       Bite              |    21 |    14 |    52 |    51 ||   138
       Punch             |     2 |       |     3 |     2 ||     7
       Mace              |       |    11 |    34 |     5 ||    50
       Whip              |       |       |    69 |       ||    69
       Long sword        |       |       |    38 |   137 ||   175
       Spear             |       |       |       |     3 ||     3
 Fire: Hunting sling     |       |       |     4 |    29 ||    33
Throw: Stone             |    14 |       |     2 |       ||    16
       Dart              |     6 |     4 |     7 |       ||    17
       Boomerang         |       |    13 |     3 |       ||    16
       Throwing net      |       |     1 |       |       ||     1
 Cast: Pain              |     1 |       |     1 |     1 ||     3
       Vampiric Draining |       |       |       |     2 ||     2
       Corpse Rot        |       |       |       |     1 ||     1
       Animate Skeleton  |       |       |       |    12 ||    12
Invok: Receive Corpses   |       |       |       |     6 ||     6
  Use: Scroll            |       |       |    10 |    14 ||    24
       Potion            |       |       |     1 |     3 ||     4
 Stab: Held in net/web   |       |     1 |       |       ||     1
       Invisible         |       |       |       |     2 ||     2
Armor: Scale mail        |    51 |       |       |       ||    51
       Chain mail        |     2 |    32 |   104 |   182 ||   320
Dodge: Dodged            |    45 |    19 |    49 |    95 ||   208
Block: Kite shield       |       |       |       |     4 ||     4
